 Dungeon Crawl Stone Soup version 0.31-a0-986-g5e6e4ef867 (webtiles) character file.

Game seed: 15991314331493027944

4 avis the Changeling (level 1, 9/9 HPs)
             Began as a Felid Shapeshifter on Nov 10, 2023.
             Got out of the dungeon alive.
             The game lasted 00:00:54 (170 turns).

avis the Changeling (Felid Shapeshifter)             Turns: 170, Time: 00:00:54

Health: 9/9        AC:  1    Str: 10    XL:     1   Next: 58%
Magic:  2/2        EV: 17    Int: 11    God:
Gold:   10         SH:  0    Dex: 15    Spells: 0/0 levels left
                                        Lives:  0   Deaths: 1

rFire   . .          .
                       - Unarmed
rCold   . . .        (shield unavailable)
rNeg    . . .        (body armour unavailable)
rPois   .            (helmet unavailable)
rElec   .            (cloak unavailable)
rCorr   .            (gloves unavailable)
SInv    +            (boots unavailable)
Will    .....        (no amulet)
Stlth   +            (no ring)
HPRegen 0.21/turn    (no ring)
MPRegen 0.08/turn

%: no passive effects
@: beast-form, quick
A: beast (slay +2), very small, claws 1, fangs 3, see invisible, speed 1, shaggy
fur 1, stealthy paws, no weapons or thrown items, no armour, multi-lived
a: Begin Untransformation


You escaped.
You were a hulking beast.
You visited 1 branch of the dungeon, and saw 1 of its levels.

You collected 10 gold pieces.

Inventory:

Talismans
 b - a beast talisman
 c - a flux talisman
Scrolls
 d - a scroll of identify {unknown}
 e - a scroll of noise {unknown}
Potions
 a - a potion of lignification


   Skills:
 - Level 1.0 Fighting
 - Level 2.6 Dodging
 - Level 3.0 Unarmed Combat
 * Level 3.6 Shapeshifting


You couldn't memorise any spells.
You didn't know any spells.
Your spell library was empty.

Dungeon Overview and Level Annotations

Branches:
Dungeon (1/15)

Altars:


Innate Abilities, Weirdness & Mutations

You are a hulking beast.
Your limbs bulge with bestial killing power. (Slay +2)
You have sharp claws.
You have razor-sharp teeth.
You have supernaturally acute eyesight. (SInv)
You cover ground quickly. (Speed+)
You are covered in fur. (AC +1)
Your paws help you pounce on unaware monsters.
You are incapable of wielding weapons or throwing items.
You cannot wear armour.
You gain extra lives every three experience levels.


Message History

A ball python comes into view.
You closely miss the ball python. Your claw misses the ball python.
The ball python misses you. The ball python grabs you.
The ball python constricts you.
You scratch the ball python.
You kill the ball python!
Found 7 stones.
Found a dagger.
You now have 10 gold pieces (gained 5).
A goblin comes into view. It is wielding a +0 club.
Found a whip.
Found a ring mail.
The goblin shouts!
You closely miss the goblin. The goblin hits you but does no damage.
You claw the goblin!
You kill the goblin!
A giant cockroach comes into view.
You pounce on the unaware helpless giant cockroach!
You scratch the giant cockroach.
You kill the giant cockroach!
You see here a giant cockroach corpse.
Found 3 stones.
Found 6 stones.
A kobold comes into view. It is wielding a +1 whip of venom.
The kobold shouts!
The kobold hits you with a +1 whip of venom.
You are lethally poisoned!
You closely miss the kobold.
You feel sick.
You miss the kobold.
The kobold hits you with a +1 whip of venom.
* * * LOW HITPOINT WARNING * * *
You are more poisoned.
Okay, then.
You die...
Your shape twists and changes as you die.
You feel sick.
You rejoin the land of the living...
There is a large open door here.
There is a staircase leading out of the dungeon here.
You have escaped!

#### ....[
...###########
##...#8≈≈§≈≈≈≈8#
...#.#.........#
..#.#.........#
..#.'....8....#
#.#.'....8...h#
#.#.#.........#
#.#.#..§§§....#
#...#8≈≈§≈§≈≈8#
#...###########
#..## ####..#
......# ####.##


There were no monsters in sight!

Vanquished Creatures
  A ball python (D:1)
  A giant cockroach (D:1)
  A goblin (D:1)
  A rat (D:1)
4 creatures vanquished.

Notes
Turn   | Place    | Note
-------+----------+-------------------------------------------
     0 | D:1      | avis the Felid Shapeshifter began the quest for the Orb.
     0 | D:1      | Reached XP level 1. HP: 9/9 MP: 2/2
   135 | D:1      | Succumbed to a kobold's poison
   170 | D:$      | Got out of the dungeon alive.

Illustrated notes

Levels and vault maps discovered:
D:1:      lightli_arrival_noodles, layout_loops_ring, minmay_crystal_room

Action                     || total
---------------------------++-------
  Melee: Unarmed           ||    10
   Stab: Sleeping          ||     1
 Armour: Skin              ||     5
  Dodge: Dodged            ||     2

Table legend: (Time is in decaauts)
 A = Elapsed time spent in this place.
 B = Non-inter-level travel time spent in this place.
 C = Inter-level travel time spent in this place.
 D = Time resting spent in this place.
 E = Time spent auto-exploring this place.
 F = Levels seen in this place.
 G = Mean time per level.
                   A        B        C        D        E       F      G
               +--------+--------+--------+--------+--------+-----+--------+
         Total |    142 |    116 |     26 |     19 |     58 |   1 |  142.0 |
       Dungeon |    142 |    116 |     26 |     19 |     58 |   1 |  142.0 |
               +--------+--------+--------+--------+--------+-----+--------+

Top non-repeatable levels by time:
     D:1: 142 daAuts
